AoeStats
← L0TROttoSkyW

MegaRandom

509770063Analyzed
4v4 RM · 3d ago on Sep 28, 2026· 50m 37s· 8 players
Game mode
Random Map
Map size
Large (8 player)
Population
200
Speed
Normal
Resources
Standard
Victory
Conquest
Starting age
Dark Age
Ending age
Imperial Age
RankedLock teamsTeams togetherTeam positionsShared explorationLock speedFull tech treeHidden civsTurbo modeCheats
Victory
Defeat
🇨🇦 Dravidians · Canada
729
+16
🇨🇦 Persians · Canada
686
+18
🇺🇸 Malay · United States
664
+19
🇺🇸 Celts · United States
640
+19
🇺🇸 Burgundians · United States
753
-20
🇨🇳 Malians · China
731
-25
🇦🇷 Turks · Argentina
710
-17
🇧🇷 Chinese · Brazil
693
-17
L0TROttoSkyW
4:51 Loom
19:10 Feudal Age
19:37 Fishing Lines
19:51 Double-Bit Axe
23:12 Wheelbarrow
24:10 Horse Collar
29:40 Castle Age
28:42 Stone Mining
30:11 Gillnets
30:29 Man-at-Arms
30:56 Gambesons
31:19 Heavy Plow
31:33 Bow Saw
31:17 Long Swordsman
41:16 Pikeman
47:19 Forging
47:13 Scale Mail Armor
HumberV
15:49 Feudal Age
17:17 Double-Bit Axe
18:27 Gold Mining
19:37 Horse Collar
20:58 Man-at-Arms
22:05 Gold Mining
25:39 Wheelbarrow
36:17 Castle Age
34:24 Arson
vajamian
Leeroy Jenkins 2012
2:56 Loom
17:27 Feudal Age
18:18 Town Watch
22:50 Stone Mining
23:02 Horse Collar
24:11 Man-at-Arms
25:06 Fletching
25:28 Forging
25:19 Scale Mail Armor
25:25 Scale Barding Armor
27:24 Castle Age
28:48 Chain Mail Armor
31:51 Wheelbarrow
34:02 Herbal Medicine
37:44 Hand Cart
37:45 Heavy Plow
43:37 Caravan
44:46 Town Patrol
44:44 Bodkin Arrow
45:25 Iron Casting
45:11 Chain Barding Armor
45:35 Masonry
45:23 Murder Holes
53:07 Imperial Age
Zukomazi
4:20 Loom
Castelaro
VivaPeron
3:05 Loom
0xANGEK
11:54 Feudal Age
13:21 Wheelbarrow
Connection lost

Rejoining the realm…

Still unreachable

The connection could not be restored.

Session expired

The server has moved on; the page needs a fresh start.